General information
- name: BNet
- type: Ladder team game (AT/RT)
- host: Battle.net
- saver: TreyTer
map: TwilightRuins
- players: 8
- length: 33:58
- speed: Fast
- version: 1.26 W3XP
- replay type: Public
» download(170 KB)
Players
team 1 (loser)

»
themailman (
yellow | 37 APM | 1241 actions | 33:16)
7 Archmage
3 Summon Water Elemental
1 Brilliance Aura
2 Blizzard
1 Mass Teleport
7 Paladin
3 Holy Light
1 Divine Shield
2 Devotion Aura
1 Resurrection
» actions
| Basic commands | 3 | |
| Build / train | 102 | |
| Enter build submenu | 42 | |
| Enter hero's abilities submenu | 14 | |
| Give item / drop item | 2 | |
| Remove unit from queue | 2 | |
| Right click | 491 | |
| Select / deselect | 430 | |
| Use ability | 155 | |
1241 total
» units
| Peasant | 24 | |
| Footman | 6 | |
| Gryphon Rider | 7 | |
| Dragonhawk Rider | 8 | |
| Shaman | 2 | |
| Troll Witch Doctor | 2 | |
| Troll Headhunter/Berserker | 11 | |
60 total
» upgrades
| Defend | 1 | |
| Lumber Harvesting | 1 | |
| Masonry | 3 | |
| Swords | 3 | |
| Armor | 4 | |
| Storm Hammers | 1 | |
| Cloud | 1 | |
| Melee Weapons | 0 | |
| Ranged Weapons | 1 | |
15 total
» buildings
| Farm | 13 | |
| Altar of Kings | 1 | |
| Barracks | 1 | |
| Arcane Vault | 1 | |
| Keep | 1 | |
| Lumber Mill | 1 | |
| Town Hall | 2 | |
| Scout Tower | 10 | |
| Guard Tower | 4 | |
| Castle | 1 | |
| Blacksmith | 1 | |
| Gryphon Aviary | 5 | |
| Orc Burrow | 4 | |
45 total
» build order
00:19 Farm
00:27 Altar of Kings
00:36 Barracks
01:23 Arcane Vault
01:41 Farm
02:25 Farm
03:58 Keep
04:05 Lumber Mill
04:51 Town Hall
04:55 Town Hall
05:00 Scout Tower
05:02 Scout Tower
05:09 Scout Tower
05:30 Farm
05:34 Scout Tower
05:38 Scout Tower
06:11 Scout Tower
06:13 Guard Tower
06:23 Scout Tower
06:49 Scout Tower
07:30 Guard Tower
07:31 Guard Tower
07:54 Castle
08:04 Farm
08:25 Blacksmith
08:32 Gryphon Aviary
08:36 Gryphon Aviary
09:03 Farm
09:11 Gryphon Aviary
09:21 Gryphon Aviary
09:30 Gryphon Aviary
09:39 Scout Tower
09:44 Farm
10:19 Scout Tower
11:31 Farm
12:01 Guard Tower
12:15 Farm
12:56 Farm
13:57 Farm
15:20 Farm
16:16 Farm
31:52 Orc Burrow
31:54 Orc Burrow
32:01 Orc Burrow
32:03 Orc Burrow
» items
| Scroll of Regeneration | 2 | |
| Scroll of Town Portal | 1 | |
3 total
TreyTer (
orange | 49 APM | 1657 actions | 33:58)
7 Archmage
3 Summon Water Elemental
3 Brilliance Aura
1 Mass Teleport
» actions
| Assign group hotkey | 29 | |
| Basic commands | 237 | |
| Build / train | 102 | |
| Enter build submenu | 50 | |
| Enter hero's abilities submenu | 7 | |
| Give item / drop item | 7 | |
| Remove unit from queue | 8 | |
| Right click | 551 | |
| Select / deselect | 360 | |
| Select group hotkey | 179 | |
| Use ability | 116 | |
1657 total
» units
| Peasant | 29 | |
| Peon | 2 | |
| Footman | 4 | |
| Goblin Shredder | 3 | |
| Goblin Sapper | 11 | |
| Gryphon Rider | 4 | |
| Dragonhawk Rider | 6 | |
59 total
» upgrades
| Masonry | 3 | |
| Swords | 3 | |
| Armor | 3 | |
| Animal War Training | 1 | |
| Storm Hammers | 1 | |
| Cloud | 1 | |
12 total
» buildings
| Altar of Kings | 1 | |
| Farm | 13 | |
| Barracks | 1 | |
| Scout Tower | 28 | |
| Arcane Tower | 1 | |
| Arcane Vault | 1 | |
| Keep | 1 | |
| Lumber Mill | 1 | |
| Town Hall | 4 | |
| Castle | 1 | |
| Guard Tower | 6 | |
| Gryphon Aviary | 5 | |
| Blacksmith | 2 | |
65 total
» build order
00:41 Altar of Kings
00:52 Farm
00:54 Farm
00:57 Barracks
01:06 Farm
01:35 Farm
02:01 Scout Tower
03:06 Arcane Tower
03:12 Arcane Vault
03:48 Keep
03:52 Lumber Mill
05:37 Town Hall
05:39 Scout Tower
05:39 Scout Tower
05:40 Scout Tower
05:40 Scout Tower
07:22 Castle
07:27 Guard Tower
08:58 Gryphon Aviary
08:58 Gryphon Aviary
08:58 Gryphon Aviary
08:59 Gryphon Aviary
09:27 Gryphon Aviary
09:33 Blacksmith
09:36 Blacksmith
11:06 Farm
11:27 Scout Tower
11:27 Scout Tower
11:29 Scout Tower
11:29 Scout Tower
11:31 Scout Tower
11:31 Scout Tower
11:32 Scout Tower
11:32 Scout Tower
11:33 Scout Tower
11:33 Scout Tower
11:34 Scout Tower
11:34 Scout Tower
12:37 Guard Tower
16:08 Guard Tower
17:40 Farm
17:42 Farm
18:10 Farm
18:13 Farm
18:17 Farm
18:19 Farm
18:21 Farm
18:24 Farm
19:59 Town Hall
22:41 Town Hall
23:26 Scout Tower
23:26 Scout Tower
23:27 Scout Tower
23:27 Scout Tower
23:28 Scout Tower
23:28 Scout Tower
23:29 Scout Tower
23:30 Scout Tower
23:30 Scout Tower
23:31 Scout Tower
23:31 Scout Tower
24:22 Guard Tower
25:00 Town Hall
25:30 Guard Tower
26:28 Guard Tower
» items
| Scroll of Regeneration | 3 | |
| Mechanical Critter | 4 | |
| Scroll of Town Portal | 2 | |
| Periapt of Vitality | 3 | |
| Staff of Teleportation | 1 | |
| Potion of Lesser Invulnerability | 1 | |
14 total

»
afasdfasfd (
blue | 36 APM | 1201 actions | 33:25)
6 Keeper of the Grove
2 Entangling Roots
1 Force of Nature
2 Thorns Aura
1 Tranquility
4 Tauren Chieftain
2 Endurance Aura
2 War Stomp
3 Far Seer
2 Chain Lighting
1 Feral Spirit
2 Shadow Hunter
1 Healing Wave
1 Hex
1 Priestess of the Moon
1 Trueshot Aura
» actions
| Basic commands | 33 | |
| Build / train | 154 | |
| Enter build submenu | 28 | |
| Enter hero's abilities submenu | 16 | |
| Remove unit from queue | 4 | |
| Right click | 532 | |
| Select / deselect | 362 | |
| Use ability | 72 | |
1201 total
» units
| Wisp | 16 | |
| Peon | 4 | |
| Huntress | 8 | |
| Grunt | 11 | |
| Glaive Thrower | 8 | |
| Archer | 2 | |
| Hippogryph | 20 | |
| Shaman | 4 | |
| Troll Witch Doctor | 2 | |
| Troll Headhunter/Berserker | 8 | |
| Druid of the Talon | 3 | |
| Dryad | 7 | |
93 total
» upgrades
| Moon Armor | 1 | |
| Strength of the Moon | 1 | |
| Armor | 2 | |
| Berserker Strength | 1 | |
| Melee Weapons | 1 | |
| Vorpal Blades | 1 | |
| Shaman Training | 2 | |
| Witch Doctor Training | 2 | |
| Reinforced Hides | 3 | |
| Strength of the Wild | 2 | |
| Berserker Upgrade | 1 | |
| Ranged Weapons | 2 | |
| Reinforced Defenses | 1 | |
| Druid of the Talon Training | 2 | |
| Abolish Magic | 1 | |
| Troll Regeneration | 1 | |
24 total
» buildings
| Moon Well | 6 | |
| Altar of Elders | 1 | |
| Orc Burrow | 5 | |
| Barracks | 1 | |
| Hunter's Hall | 1 | |
| Ancient of War | 1 | |
| Altar of Storms | 1 | |
| War Mill | 1 | |
| Stronghold | 1 | |
| Tree of Ages | 2 | |
| Fortress | 1 | |
| Spirit Lodge | 2 | |
| Ancient of Wind | 1 | |
| Tree of Life | 4 | |
| Ancient Protector | 2 | |
| Tree of Eternity | 1 | |
| Ancient of Lore | 1 | |
32 total
» build order
00:19 Moon Well
00:27 Altar of Elders
00:50 Orc Burrow
01:10 Barracks
01:36 Hunter's Hall
01:52 Ancient of War
02:05 Altar of Storms
02:16 Orc Burrow
02:33 Moon Well
02:44 Moon Well
03:32 Moon Well
04:08 War Mill
04:33 Orc Burrow
04:48 Moon Well
05:07 Stronghold
05:22 Tree of Ages
05:56 Orc Burrow
09:05 Fortress
10:08 Spirit Lodge
10:16 Orc Burrow
12:52 Ancient of Wind
13:43 Tree of Life
14:03 Moon Well
17:11 Spirit Lodge
18:33 Tree of Life
19:49 Tree of Ages
24:18 Ancient Protector
24:24 Ancient Protector
24:50 Tree of Eternity
25:02 Ancient of Lore
28:50 Tree of Life
29:40 Tree of Life
» items
| Wand of Illusion | 1 | |
| Ring of Protection +2 | 1 | |
| Mantle of Intelligence +3 | 1 | |
| Scroll of Regeneration | 1 | |
| Orb of Fire | 1 | |
| Claws of Attack +6 | 1 | |
| Claws of Attack +9 | 1 | |
7 total
team 2 (winner)

»
helpme2 (
red | 28 APM | 596 actions | 21:21)
5 Demon Hunter
1 Immolation
3 Mana Burn
1 Evasion
» actions
| Basic commands | 7 | |
| Build / train | 56 | |
| Enter build submenu | 17 | |
| Enter hero's abilities submenu | 5 | |
| Give item / drop item | 1 | |
| Right click | 263 | |
| Select / deselect | 207 | |
| Use ability | 40 | |
596 total
» units
| Wisp | 16 | |
| Archer | 8 | |
| Chimaera | 9 | |
| Hippogryph | 9 | |
42 total
» upgrades
| Corrosive Breath | 1 | |
| Strength of the Wild | 1 | |
2 total
» buildings
| Moon Well | 6 | |
| Altar of Elders | 1 | |
| Ancient of War | 1 | |
| Tree of Ages | 1 | |
| Tree of Life | 2 | |
| Tree of Eternity | 1 | |
| Ancient of Wind | 1 | |
| Ancient of Wonders | 1 | |
| Hunter's Hall | 1 | |
| Chimaera Roost | 3 | |
18 total
» build order
00:22 Moon Well
00:27 Moon Well
00:37 Altar of Elders
01:29 Ancient of War
01:55 Moon Well
02:40 Tree of Ages
04:03 Tree of Life
05:04 Tree of Eternity
05:28 Ancient of Wind
05:34 Ancient of Wonders
06:20 Hunter's Hall
06:26 Moon Well
07:42 Chimaera Roost
07:44 Chimaera Roost
07:46 Chimaera Roost
07:55 Moon Well
09:25 Moon Well
12:26 Tree of Life
» items
| Potion of Lesser Invulnerability | 1 | |
| Scroll of Healing | 1 | |
| Scroll of Town Portal | 2 | |
4 total
lKN0WHATIMDOlN (
green | 56 APM | 1132 actions | 20:23)
4 Mountain King
1 Thunder Clap
2 Storm Bolt
1 Bash
» actions
| Assign group hotkey | 21 | |
| Basic commands | 35 | |
| Build / train | 56 | |
| Enter build submenu | 39 | |
| Enter hero's abilities submenu | 4 | |
| Right click | 256 | |
| Select / deselect | 265 | |
| Select group hotkey | 395 | |
| Use ability | 61 | |
1132 total
» units
| Peasant | 18 | |
| Rifleman | 12 | |
| Goblin Shredder | 1 | |
31 total
» upgrades
| Gunpowder | 1 | |
| Masonry | 2 | |
| Armor | 1 | |
| Plating | 1 | |
5 total
» buildings
| Farm | 16 | |
| Altar of Kings | 1 | |
| Blacksmith | 1 | |
| Scout Tower | 15 | |
| Barracks | 1 | |
| Lumber Mill | 1 | |
| Guard Tower | 8 | |
| Arcane Tower | 1 | |
| Town Hall | 1 | |
| Keep | 1 | |
46 total
» build order
00:21 Farm
00:32 Altar of Kings
00:46 Blacksmith
00:56 Farm
01:38 Scout Tower
01:39 Scout Tower
02:08 Barracks
02:31 Lumber Mill
02:57 Farm
03:30 Scout Tower
03:40 Farm
03:44 Guard Tower
04:02 Arcane Tower
04:19 Farm
05:46 Town Hall
05:52 Scout Tower
05:53 Scout Tower
05:54 Scout Tower
05:55 Scout Tower
06:49 Guard Tower
09:10 Farm
09:12 Farm
09:14 Farm
09:16 Scout Tower
09:17 Scout Tower
09:19 Scout Tower
09:39 Farm
09:40 Farm
09:41 Farm
09:43 Farm
10:33 Guard Tower
10:41 Scout Tower
10:42 Scout Tower
10:43 Farm
10:46 Scout Tower
10:50 Keep
11:14 Guard Tower
11:16 Guard Tower
11:39 Guard Tower
12:27 Farm
12:28 Farm
12:30 Farm
13:10 Scout Tower
13:13 Scout Tower
13:52 Guard Tower
13:55 Guard Tower
» items
| Sentry Wards | 1 | |
| Potion of Greater Healing | 1 | |
| Ring of Protection +2 | 1 | |
| Replenishment Potion | 1 | |
4 total
GOLLY-DER. (
teal | 71 APM | 2426 actions | 33:58)
6 Blademaster
3 Wind Walk
2 Critical Strike
1 Bladestorm
1 Shadow Hunter
1 Hex
» actions
| Assign group hotkey | 63 | |
| Basic commands | 36 | |
| Build / train | 79 | |
| Enter build submenu | 30 | |
| Enter hero's abilities submenu | 7 | |
| Give item / drop item | 3 | |
| Remove unit from queue | 1 | |
| Right click | 992 | |
| Select / deselect | 319 | |
| Select group hotkey | 702 | |
| Use ability | 194 | |
2426 total
» units
| Peon | 17 | |
| Goblin Shredder | 5 | |
| Wind Rider | 3 | |
| Goblin Sapper | 1 | |
| Troll Batrider | 7 | |
| Sorceress | 11 | |
44 total
» upgrades
| Reinforced Defenses | 1 | |
| Envenomed Spears | 1 | |
| Ranged Weapons | 2 | |
| Armor | 2 | |
6 total
» buildings
| Altar of Storms | 1 | |
| Orc Burrow | 7 | |
| Voodoo Lounge | 1 | |
| Stronghold | 1 | |
| War Mill | 1 | |
| Great Hall | 2 | |
| Fortress | 1 | |
| Watch Tower | 36 | |
| Beastiary | 3 | |
| Tree of Life | 1 | |
54 total
» build order
00:08 Altar of Storms
00:22 Orc Burrow
00:52 Voodoo Lounge
02:07 Stronghold
02:37 Orc Burrow
02:44 War Mill
03:31 Great Hall
03:46 Orc Burrow
04:38 Fortress
05:48 Watch Tower
05:48 Watch Tower
05:50 Watch Tower
06:12 Watch Tower
06:44 Watch Tower
06:52 Beastiary
07:12 Beastiary
07:17 Beastiary
07:42 Orc Burrow
07:44 Orc Burrow
08:15 Orc Burrow
08:58 Watch Tower
08:59 Watch Tower
08:59 Watch Tower
09:00 Watch Tower
09:01 Watch Tower
09:01 Watch Tower
12:33 Orc Burrow
13:01 Watch Tower
13:01 Watch Tower
13:02 Watch Tower
14:21 Great Hall
15:45 Watch Tower
15:45 Watch Tower
16:38 Watch Tower
16:39 Watch Tower
16:39 Watch Tower
16:40 Watch Tower
16:43 Watch Tower
16:44 Watch Tower
17:01 Watch Tower
17:01 Watch Tower
17:02 Watch Tower
22:39 Watch Tower
22:39 Watch Tower
22:40 Watch Tower
22:40 Watch Tower
27:45 Watch Tower
27:46 Watch Tower
27:46 Watch Tower
28:06 Watch Tower
29:08 Tree of Life
» items
| Healing Salve | 4 | |
| Lesser Clarity Potion | 1 | |
| Staff of Teleportation | 1 | |
| Scroll of Town Portal | 5 | |
| Orb of Lightning | 1 | |
| Boots of Speed | 1 | |
13 total
tastyfingas (
purple | 31 APM | 656 actions | 20:51)
5 Mountain King
3 Storm Bolt
2 Bash
» actions
| Basic commands | 2 | |
| Build / train | 92 | |
| Enter build submenu | 17 | |
| Enter hero's abilities submenu | 5 | |
| Give item / drop item | 1 | |
| Remove unit from queue | 5 | |
| Right click | 200 | |
| Select / deselect | 274 | |
| Use ability | 60 | |
656 total
» units
| Peasant | 9 | |
| Footman | 3 | |
| Rifleman | 22 | |
| Sorceress | 22 | |
| Priest | 6 | |
| Spell Breaker | 2 | |
64 total
» upgrades
| Sorceress Training | 2 | |
| Priest Training | 1 | |
| Long Rifles | 1 | |
| Lumber Harvesting | 0 | |
| Gunpowder | 3 | |
7 total
» buildings
| Altar of Kings | 1 | |
| Barracks | 1 | |
| Farm | 13 | |
| Keep | 3 | |
| Blacksmith | 1 | |
| Lumber Mill | 1 | |
| Arcane Vault | 1 | |
| Arcane Sanctum | 2 | |
| Town Hall | 1 | |
| Castle | 1 | |
25 total
» build order
00:11 Altar of Kings
00:17 Barracks
00:24 Farm
00:56 Farm
01:46 Farm
02:47 Keep
02:47 Keep
03:37 Blacksmith
04:21 Lumber Mill
05:01 Arcane Vault
05:19 Arcane Sanctum
05:25 Arcane Sanctum
06:25 Farm
06:27 Farm
06:28 Farm
06:29 Farm
06:30 Farm
06:31 Farm
09:14 Town Hall
12:22 Castle
18:52 Farm
18:55 Farm
18:58 Farm
19:35 Farm
» items
| Scroll of Regeneration | 1 | |
| Lesser Clarity Potion | 1 | |
| Scroll of Town Portal | 2 | |
| Orb of Fire | 1 | |
| Potion of Healing | 1 | |
| Potion of Mana | 1 | |
7 total
Chat log
(00:33 / Allies) TreyTer: sum1 take him plez
(09:06 / Allies) TreyTer: might want to get some towers blue
(12:17 / Allies) TreyTer: danke
(12:21 / Allies) afasdfasfd: no fucking help from u two
(12:27 / Allies) TreyTer: I had to defend my expo....
(12:40 / Allies) afasdfasfd: fuck ur expo win the game
(12:48 / Allies) TreyTer: Yeah that's a smart move
(12:58 / Allies) afasdfasfd: yes IT IS
(12:59 / Allies) TreyTer: read your mind
(13:04 / Allies) TreyTer: that your gonna a move into greens base
(13:15 / Allies) afasdfasfd: game over
(13:16 / Allies) TreyTer: repair
(13:39 / Allies) TreyTer: counter green base
(14:22 / All) lKN0WHATIMDOlN: u get chims with no hippos?
(14:51 / All) lKN0WHATIMDOlN: idiot tk'er
(15:15 / All) lKN0WHATIMDOlN: gg
(15:24 / Allies) TreyTer: thought I bought invul pot
(15:28 / Allies) TreyTer: good thing they didn't focus my hero
(15:47 / All) lKN0WHATIMDOlN: ur a moron
(15:50 / All) lKN0WHATIMDOlN: u fuken lil bitch
(15:55 / All) GOLLY-DER.: relax
(15:58 / All) GOLLY-DER.: ill help purple main
(15:59 / All) lKN0WHATIMDOlN: suck a dick u piece of shit
(16:04 / All) lKN0WHATIMDOlN: with what u moron
(16:13 / All) lKN0WHATIMDOlN: ur week ass wyvs nuthin
(16:19 / All) GOLLY-DER.: dont be mad just cuz i have a base and army
(16:25 / All) lKN0WHATIMDOlN: suck a dick
(16:28 / All) lKN0WHATIMDOlN: u dead too
(16:33 / All) lKN0WHATIMDOlN: 5 min makes no differense
(17:22 / All) TreyTer: Those dumb fucking peons didn't readjust path
(18:12 / All) lKN0WHATIMDOlN: suck my dick u piece if shit
(18:30 / All) lKN0WHATIMDOlN: u r ur moms boy- she said same thing afterwards
(18:34 / All) lKN0WHATIMDOlN: "THANX"
(18:40 / All) lKN0WHATIMDOlN: idiot fuk
(19:04 / All) lKN0WHATIMDOlN: instead of using towers to healp u kill them u run?
(19:06 / All) lKN0WHATIMDOlN: wow
(20:05 / All) lKN0WHATIMDOlN: idiot teamates
(20:08 / All) lKN0WHATIMDOlN: morons
(20:15 / All) lKN0WHATIMDOlN: prple tp in
(20:16 / All) lKN0WHATIMDOlN: wow
(21:12 / All) helpme2: gg
(21:16 / All) helpme2: teal tk
(21:18 / All) TreyTer: you're good red
(21:24 / All) TreyTer: lol
(21:28 / All) GOLLY-DER.: im still gonna win
(21:28 / All) TreyTer: blame it on someone else
(21:33 / Allies) TreyTer: gold
(22:09 / All) TreyTer: need gold
(25:54 / Allies) TreyTer: gold?
(26:36 / Allies) TreyTer: lumber?
(27:25 / All) GOLLY-DER.: faggot hacker
(31:54 / Allies) afasdfasfd: waht was the point of that
(32:18 / All) TreyTer: The point, William Potter, is not to win the game
(32:50 / All) GOLLY-DER.: this is what u get yellow
(32:53 / All) GOLLY-DER.: For not helping oj's expo
(33:20 / All) afasdfasfd: same clown again just a jew
(33:29 / All) TreyTer: lol
(33:35 / All) GOLLY-DER.: good job
(33:49 / All) TreyTer: Me team lose?
(33:55 / All) GOLLY-DER.: ya